Map: Redstorm

Players

DirTyMoOnKeY

  • Race: Protoss Protoss
  • League: Diamond
  • Spawn Location: 1:00

LuCiole

  • Race: Terran Terran
  • Spawn Location: 1:00

ILIEKEGGPIE

  • Race: Protoss Protoss
  • League: Platinum
  • Spawn Location: 7:00

BizMac

  • Race: Zerg Zerg
  • Spawn Location: 7:00

VOD

Have the link to the VOD?

Description

Time

  • Played on: May 25, 2018, 8 p.m.
  • Length: 23:16
Show
View Real Time Build Order
Export as new Build Order

DirTyMoOnKeY Protoss 

Build Orders: Cannon Rush 

Get SALT Encoding   

  12  0:19  Probe  
  13  0:23  Pylon  
  13  0:27  Probe  
  13  0:35  Probe  
  15  0:46  Forge  
  15  0:47  Probe  
  16  0:59  Probe  
  17  1:11  Probe  
  18  1:18  Pylon  
  18  1:23  Probe  
  19  1:26  Gateway  
  19  1:29  Assimilator  
  19  1:35  Probe  
  20  1:40  Photon Cannon  
  20  1:45  Photon Cannon  
  20  1:52  Photon Cannon  
  20  1:57  Pylon  
  20  2:02  Probe  
  21  2:14  Probe  
  22  2:16  Photon Cannon  
  22  2:33  Cybernetics Core  
  22  2:35  Assimilator  
  22  2:37  Pylon  
  22  2:48  Probe  
  23  3:00  Probe  
  24  3:11  Shield Battery  
  24  3:12  Stalker, Shield Battery  
  24  3:14  Shield Battery, Warp Gate  
  25  4:04  Nexus  
  25  4:06  Gateway x2  
  25  4:11  Stalker  
  25  4:16  Pylon  
  28  4:24  Probe  
  28  4:29  Pylon  
  28  4:36  Probe  
  29  4:43  Stalker  
  31  4:54  Probe  
  32  5:02  Probe  
  33  5:11  Probe  
  34  5:23  Probe  
  34  5:28  Robotics Facility  
  35  5:36  Probe  
  35  5:37  Gateway  
  36  5:55  Stalker x3  
  36  6:27  Nexus  
  36  6:49  Stargate  
  36  6:51  Assimilator  
  36  6:55  Assimilator  
  35  7:05  Nexus  
  35  7:07  Pylon  
  35  7:21  Stalker  
  37  7:33  Twilight Council  
  37  7:34  Gateway  
  37  7:37  Phoenix  
  39  7:50  Probe  
  40  8:02  Probe  
  41  8:06  Stalker  
  43  8:14  Probe  
  43  8:16  Templar Archives  
  44  8:21  Probe  
  44  8:23  Probe  
  46  8:29  Probe  
  46  8:31  Probe  
  47  8:41  Psionic Storm  
  45  9:13  Probe  
  45  9:17  Probe  
  46  9:21  Probe  
  47  9:25  Probe  
  47  9:29  Probe  
  49  9:33  High Templar  
  49  9:34  High Templar x2  
  56  9:39  Stalker  
  56  9:40  Probe  
  56  9:42  Probe  
  59  9:50  Probe  
  59  9:52  Probe  
  62  10:16  Pylon  
  62  10:19  Pylon  
  62  10:22  Pylon  
  62  10:26  Pylon  
  62  10:34  Probe x2  
  64  10:54  High Templar x2  
  64  10:56  High Templar x2  
  72  10:59  Archon  
  72  11:00  Archon  
  60  11:31  Robotics Facility  
  60  11:41  Probe  
  60  11:43  Probe  
  60  11:46  Stalker x2  
  66  11:49  Stalker  
  66  11:50  Stalker  
  66  11:53  Probe  
  71  11:55  Probe  
  72  12:03  Probe x2  
  74  12:11  Probe x2  
  75  12:20  Probe  
  75  12:22  Probe  
  78  12:31  Nexus  
  78  12:32  Stalker  
  78  12:34  High Templar, Probe  
  78  12:35  High Templar  
  83  12:38  Observer  
  77  12:59  Observer  
  77  13:05  Stalker x2  
  80  13:07  Stalker x2  
  86  13:15  Pylon  
  86  13:17  Pylon  
  86  13:20  Pylon  
  86  13:24  Protoss Ground Weapons Level 1  
  86  13:28  Probe  
  86  13:33  Observer  
  88  13:40  Probe  
  85  13:52  Probe  
  85  13:54  Observer  
  81  13:59  Stalker x3  
  81  14:00  Stalker  
  89  14:04  Probe  
  90  14:22  High Templar  
  90  14:23  High Templar x2  
  96  14:25  Zealot  
  98  14:33  Nexus  
  98  14:55  Probe  
  98  14:56  Probe  
  100  15:08  Probe x2  
  102  15:15  High Templar x2  
  102  15:16  High Templar x2  
  110  15:31  Probe  
  110  15:32  Probe  
  110  15:37  Archon  
  108  15:43  Probe  
  108  15:44  Probe  
  110  15:50  Probe  
  110  15:53  Pylon  
  110  15:54  Pylon  
  110  15:55  Probe  
  110  15:56  Probe, Pylon  
  107  15:58  Pylon  
  107  16:00  Pylon  
  107  16:01  Assimilator  
  107  16:02  Probe  
  102  16:05  Assimilator  
  102  16:07  Probe  
  102  16:08  Probe  
  104  16:14  Gateway, Probe  
  104  16:17  Gateway  
  93  16:19  Probe  
  93  16:20  Gateway, Probe  
  93  16:22  Gateway  
  67  16:26  Probe  
  67  16:31  Probe  
  65  16:39  Stalker  
  67  16:40  Stalker  
  67  16:41  Stalker x2  
  73  16:57  Nexus  
  73  16:59  Pylon  
  73  17:02  Probe, Photon Cannon  
  74  17:12  Stalker x4  
  74  17:14  High Templar x2, Probe  
  87  17:32  Stalker x2  
  87  17:35  Stalker x2  
  95  17:45  Nexus  
  95  17:53  Probe x3  
  98  18:00  Pylon  
  98  18:02  Pylon  
  98  18:04  Pylon  
  98  18:05  Probe x3  
  100  18:07  Assimilator  
  100  18:11  Probe  
  100  18:12  Assimilator  
  102  18:17  Probe x3  
  105  18:23  Probe  
  105  18:24  Stalker  
  105  18:25  Stalker, Assimilator  
  110  18:29  Probe x2  
  110  18:30  Assimilator, Probe  
  110  18:31  Protoss Ground Weapons Level 2  
  113  18:45  Forge  
  113  18:47  Forge  
  113  18:57  Probe x5  
  118  19:08  Stalker x3  
  118  19:09  Stalker x2, Blink, Probe  
  129  19:10  Stalker x2  
  129  19:12  High Templar  
  133  19:42  Stalker x3  
  133  19:43  Stalker x4  
  141  20:00  Gateway  
  141  20:01  Gateway  
  141  20:04  Gateway  
  141  20:06  Gateway x2  
  125  20:11  Observer  
  125  20:13  Stalker x3  
  127  20:14  Stalker x2  
  131  20:27  Observer  
  127  20:46  High Templar x3  
  127  20:47  High Templar x3  
  127  20:48  Observer, High Templar x2  
  144  20:50  Charge  
  144  20:51  Protoss Ground Armor Level 1  
  144  20:52  Archon  
  144  20:53  Archon x3  
  144  20:58  Probe x5  
  149  21:10  Observer, Probe  
  151  21:11  Probe  
  151  21:12  Probe x3  
  151  21:18  High Templar x2  
  157  21:19  High Templar x2  
  157  21:20  High Templar x4  
  157  21:21  Protoss Shields Level 1  
  157  21:23  Zealot x3  
  157  21:24  Zealot x2  
  181  21:27  Archon x2  
  181  21:28  Archon  
  181  21:29  Archon  
  181  21:31  Observer  
  182  21:56  Stalker x3, Pylon  
  182  21:57  Stalker x4  
  182  21:58  Stalker x2  
  182  22:00  Pylon  
  162  22:54  Zealot x3  
  162  22:55  Zealot x4  
  162  22:56  Zealot x4  
  162  22:57  Zealot x2  
Show
View Real Time Build Order
Export as new Build Order

LuCiole Terran 

Build Orders:  

Get SALT Encoding   

  12  0:07  SCV  
  13  0:19  SCV  
  14  0:25  Supply Depot  
  14  0:31  SCV  
  14  0:35  Refinery  
  15  0:47  SCV  
  15  0:48  Barracks  
  16  0:59  SCV  
  17  1:11  SCV  
  18  1:24  Barracks  
  18  1:25  SCV  
  19  1:32  Barracks  
  19  1:37  Reaper, SCV  
  21  1:49  Orbital Command  
  21  2:00  Supply Depot  
  21  2:11  Reaper  
  21  2:12  Reaper  
  23  2:22  Reaper, SCV  
  25  2:39  Command Center  
  25  2:58  Refinery  
  25  3:00  Engineering Bay  
  25  3:04  Barracks Tech Lab  
  25  3:08  Factory  
  24  3:22  Marine x2  
  24  3:24  Marauder  
  28  3:53  Factory Tech Lab  
  28  3:56  Starport  
  28  3:57  Marauder, Marine  
  31  4:20  Missile Turret  
  31  4:21  Marine, SCV  
  33  4:33  SCV  
  33  4:45  Orbital Command, SCV  
  32  4:52  Command Center  
  32  5:21  SCV, Missile Turret  
  33  5:29  Starport Reactor, Siege Tank  
  33  5:31  Stimpack  
  36  5:36  Terran Infantry Weapons Level 1  
  36  5:37  SCV x2  
  36  5:40  Supply Depot  
  38  5:48  Refinery x2  
  38  5:49  SCV  
  39  5:52  Supply Depot  
  39  5:54  Marauder, Marine x2  
  43  6:11  Marine  
  43  6:13  Marine  
  43  6:16  Marauder  
  47  6:29  Marine  
  47  6:31  Marine  
  49  6:33  Orbital Command  
  49  6:37  Marauder, Viking  
  49  6:38  Supply Depot  
  53  6:45  SCV x2, Missile Turret  
  55  6:47  Marine  
  55  6:49  Marine  
  55  6:53  Supply Depot  
  57  6:57  Medivac  
  57  6:58  Marauder  
  57  6:59  SCV x2  
  63  7:02  SCV  
  63  7:05  Marine  
  63  7:06  Marine  
  66  7:11  SCV  
  66  7:12  SCV  
  68  7:20  Marauder  
  70  7:25  Siege Tank  
  73  7:35  Marine x2  
  73  7:36  Liberator  
  75  7:39  Supply Depot  
  75  7:41  Marauder  
  77  7:51  Viking  
  77  7:52  Marine  
  77  7:56  Marine  
  83  8:03  Marauder  
  85  8:07  Refinery x2  
  85  8:12  Missile Turret  
  85  8:14  SCV x2  
  87  8:20  Siege Tank  
  87  8:21  Medivac  
  87  8:23  Terran Infantry Armor Level 1  
  87  8:25  Concussive Shells  
  92  8:31  Marine  
  93  8:36  Supply Depot  
  93  8:58  Marauder, Medivac, Marine x2, SCV x2  
  101  9:07  Supply Depot  
  101  9:22  Engineering Bay, Armory  
  101  9:28  Marine  
  101  9:29  Marauder, Supply Depot, SCV x2, Siege Tank  
  109  9:50  Medivac, Marine x2  
  109  9:51  Marauder  
  115  10:08  Marine x2  
  117  10:15  Supply Depot  
  117  10:24  Command Center  
  117  10:32  Terran Infantry Weapons Level 2  
  117  10:36  Marine x2, SCV x2  
  117  10:37  Marauder  
  123  10:52  Supply Depot  
  123  10:54  Marine x2  
  124  11:12  Marine  
  124  11:14  Marauder, Marine, Siege Tank  
  129  11:30  Marine  
  130  11:36  Marauder  
  130  11:37  Missile Turret  
  126  11:51  Planetary Fortress  
  126  11:54  Missile Turret  
  126  11:55  SCV x3  
  126  11:57  Marauder  
  131  12:03  Terran Infantry Armor Level 2  
  131  12:05  Terran Vehicle Weapons Level 1  
  131  12:09  SCV  
  131  12:13  Marine  
  131  12:14  Siege Tank  
  131  12:15  Medivac x2  
  140  12:18  Marauder  
  142  12:40  Marauder  
  144  12:46  Siege Tank  
  147  12:52  Marine  
  148  13:12  Supply Depot  
  148  13:14  Refinery, Supply Depot  
  148  13:15  Refinery  
  148  13:16  Supply Depot  
  148  13:19  Supply Depot  
  148  13:21  Supply Depot  
  148  13:33  Marine x2  
  148  13:34  Marauder, Terran Infantry Weapons Level 3, Siege Tank  
  155  13:35  Viking x2  
  155  13:36  Supply Depot  
  155  13:39  Supply Depot  
  155  13:40  Supply Depot  
  159  13:51  Marine  
  159  13:55  Marauder  
  159  14:05  Viking  
  159  14:06  Siege Tank  
  164  14:13  Marine x2  
  164  14:17  Marauder  
  168  14:30  Combat Shields  
  168  14:31  Marine x2  
  168  14:38  Marauder, Siege Tank  
  174  14:44  Terran Infantry Armor Level 3  
  174  14:45  Terran Vehicle Weapons Level 2  
  174  14:49  Marine  
  174  14:50  Marine  
  176  14:59  Marauder  
  178  15:07  Marine  
  179  15:21  Marauder  
  179  15:25  Marine  
  179  15:26  Marine  
  126  15:37  Medivac x2  
  126  15:42  Marauder  
  132  15:43  Marine x2  
  134  15:50  Barracks  
  134  16:01  Marine  
  134  16:03  Command Center  
  134  16:04  Marauder  
  137  16:13  Barracks  
  137  16:15  Marine  
  138  16:19  Marine  
  138  16:25  Marauder  
  140  16:33  Marine  
  140  16:37  Marine  
  124  16:46  Marauder, Marine  
  121  16:47  Siege Tank  
  121  16:49  Medivac x2  
  128  17:00  Marine  
  128  17:01  Marine  
  129  17:07  SCV x2  
  129  17:08  Marauder, SCV  
  135  17:10  Missile Turret  
  135  17:15  Marine  
  136  17:19  Barracks Tech Lab  
  136  17:20  Siege Tank  
  139  17:29  Marauder  
  141  17:36  Supply Depot  
  141  17:37  Marine  
  141  17:39  Marine x2  
  144  17:46  Terran Vehicle Weapons Level 3  
  144  17:50  Marauder  
  146  17:52  Siege Tank  
  146  17:55  Marine  
  146  17:57  Marine x2  
  152  18:04  SCV x3  
  155  18:06  Command Center  
  155  18:09  Orbital Command  
  155  18:12  Marauder  
  157  18:13  Marine  
  157  18:14  Marine  
  157  18:15  Marine  
  160  18:21  Medivac, Supply Depot  
  161  18:31  Marine  
  161  18:32  Marine x2  
  161  18:33  Marauder  
  166  18:35  SCV  
  166  18:37  Command Center  
  165  18:49  Marine  
  165  18:50  Marine, Siege Tank  
  165  18:55  Marauder  
  171  19:07  Marine x2  
  171  19:08  Marine  
  172  19:16  Marauder  
  172  19:24  Marine  
  172  19:25  Marine  
  172  19:26  Marine  
  175  19:32  SCV x3  
  175  19:37  Marauder  
  179  19:38  Viking x2  
  179  19:42  Marine  
  179  19:43  Command Center, Marine  
  185  19:59  Marauder  
  187  20:04  Marine x3  
  190  20:20  Marauder  
  191  20:22  Marine x3  
  194  20:39  Marine  
  194  20:40  Marine x2  
  194  20:42  Marauder  
  199  20:45  SCV  
  199  20:47  Planetary Fortress  
  200  20:56  Planetary Fortress  
  200  21:02  Missile Turret  
  200  21:07  Missile Turret  
  200  21:08  Missile Turret  
  200  21:26  Refinery  
  199  21:45  Refinery  
  195  21:47  Refinery, Marine  
  195  21:48  Marauder, Marine  
  199  22:08  Marine  
  178  22:44  Marine  
  178  22:45  Marauder, Marine x2  
Show
View Real Time Build Order
Export as new Build Order

ILIEKEGGPIE Protoss 

Build Orders:  

Get SALT Encoding   

  12  0:01  Probe  
  13  0:13  Probe  
  14  0:22  Pylon  
  14  0:27  Probe  
  15  0:38  Probe  
  15  0:42  Gateway  
  16  0:49  Assimilator, Probe  
  17  1:01  Probe  
  18  1:05  Gateway  
  18  1:13  Probe  
  19  1:19  Pylon  
  20  1:31  Cybernetics Core  
  19  1:33  Probe  
  20  1:45  Gateway  
  20  1:58  Warp Gate  
  20  2:09  Stalker x2  
  24  2:18  Probe  
  25  2:35  Assimilator  
  25  2:37  Stalker  
  27  2:53  Stalker  
  30  2:58  Probe  
  30  3:11  Pylon  
  30  3:17  Probe  
  31  3:29  Stalker x2  
  33  4:18  Zealot x3  
  39  4:24  Pylon  
  34  5:01  Robotics Facility, Stalker x3  
  34  5:03  Pylon  
  38  5:25  Stalker x2  
  42  5:41  Warp Prism  
  42  5:56  Gateway  
  44  5:59  Gateway  
  44  6:39  Zealot  
  46  6:44  Pylon  
  46  7:08  Nexus  
  46  7:09  Pylon  
  46  7:11  Twilight Council, Pylon  
  46  7:48  Stalker x4  
  54  7:57  Charge  
  54  8:07  Immortal  
  54  8:16  Probe  
  54  8:17  Dark Shrine  
  59  8:20  Probe  
  59  8:24  Probe  
  59  8:26  Adept x4  
  68  8:32  Probe x2  
  71  8:44  Probe  
  72  8:54  Probe  
  73  8:56  Probe  
  73  9:02  Probe  
  64  9:05  Warp Prism  
  67  9:10  Probe  
  67  9:14  Forge  
  68  9:31  Protoss Ground Weapons Level 1  
  68  9:41  Zealot x3  
  68  9:42  Probe x2  
  76  9:54  Probe  
  76  9:55  Assimilator  
  77  10:03  Assimilator  
  77  10:09  Photon Cannon  
  77  10:11  Pylon, Photon Cannon  
  77  10:14  Photon Cannon  
  77  10:26  Dark Templar x4  
  85  11:14  Protoss Ground Weapons Level 2  
  81  11:20  Sentry x2  
  81  11:21  Sentry x2  
  81  11:25  Probe  
  83  11:29  Probe  
  85  11:35  Blink  
  85  11:36  Colossus x3  
  85  11:41  Probe  
  86  11:57  Nexus  
  86  11:58  Pylon  
  86  12:01  Pylon  
  86  12:07  Robotics Bay  
  86  12:20  Dark Templar x2  
  86  12:21  Dark Templar x2  
  94  12:27  Assimilator  
  94  12:31  Gateway  
  94  12:33  Archon, Assimilator  
  94  12:34  Archon  
  90  13:00  Zealot x2  
  90  13:04  Pylon  
  90  13:05  Pylon  
  94  13:12  Protoss Ground Weapons Level 3  
  94  13:29  Forge  
  94  13:32  Nexus  
  94  13:35  Assimilator  
  94  13:40  Pylon  
  94  13:41  Assimilator  
  88  14:01  Protoss Ground Armor Level 1  
  85  14:29  Zealot x3  
  85  14:30  Dark Templar x2  
  95  14:34  Archon  
  95  14:39  Extended Thermal Lance  
  95  14:46  Colossus  
  93  15:38  Stalker x2  
  93  15:39  Dark Templar  
  93  15:40  Colossus, Dark Templar x2  
  109  15:45  Robotics Facility  
  105  16:07  Probe x2  
  107  16:14  Pylon  
  107  16:17  Pylon  
  89  16:35  Protoss Ground Armor Level 2  
  89  16:37  Protoss Shields Level 1  
  83  16:41  Colossus  
  87  16:56  Observer  
  87  17:01  Dark Templar  
  87  17:02  Dark Templar  
  87  17:04  Stalker  
  87  17:06  Zealot x2  
  98  17:11  Archon  
  98  17:13  Gateway  
  98  17:37  Zealot x5  
  98  17:41  Colossus  
  114  17:57  Probe x3  
  117  18:09  Probe x2  
  117  18:10  Probe  
  120  18:26  Warp Prism  
  122  18:35  Warp Prism  
  122  18:39  Probe x2  
  126  18:46  Probe  
  126  18:47  Protoss Shields Level 2  
  127  18:51  Nexus, Probe  
  127  18:52  Stargate  
  127  18:54  Pylon  
  128  18:56  Pylon  
  128  19:49  Dark Templar x2  
  128  19:51  Dark Templar  
  134  19:56  Zealot x3  
  140  20:19  Dark Templar x3  
  140  20:29  Archon  
  140  20:33  Probe  
  134  20:41  Probe  
  127  20:43  Stargate  
  127  20:44  Stargate  
  127  20:47  Pylon  
  128  20:51  Probe  
  129  21:02  Probe  
  130  21:04  Zealot x2  
  130  21:05  Zealot x3  
  130  21:10  Probe  
  128  21:12  Probe x2  
  128  21:13  Probe  
  128  21:14  Zealot x5  
  142  21:23  Assimilator  
  142  21:28  Assimilator  
  142  21:32  Fleet Beacon  
  133  21:48  Stalker x2  
  133  21:49  Stalker x4  
  145  21:58  Observer x2  
  147  22:19  Observer  
  51  22:56  Zealot x4  
  52  23:03  Zealot x2  
Show
View Real Time Build Order
Export as new Build Order

BizMac Zerg 

Build Orders: Pool First, Roach Nydus 

Get SALT Encoding   

  12  0:01  Drone  
  13  0:11  Drone  
  14  0:17  Overlord  
  17  0:35  Drone x3  
  17  0:41  Extractor  
  16  0:47  Drone  
  17  0:54  Spawning Pool  
  16  1:01  Drone  
  17  1:20  Hatchery  
  16  1:26  Drone  
  16  1:29  Drone  
  18  1:36  Overlord  
  18  1:47  Queen  
  20  1:57  Zergling x4  
  22  2:11  Zergling x2  
  22  2:13  Metabolic Boost  
  23  2:24  Roach Warren  
  22  2:34  Spine Crawler  
  21  2:38  Drone x3  
  24  2:59  Overlord, Drone, Extractor  
  24  3:02  Lair  
  24  3:10  Drone  
  25  3:13  Drone x2  
  27  3:33  Roach x3  
  27  3:34  Roach  
  35  3:53  Overlord  
  35  4:21  Nydus Network  
  35  4:22  Roach  
  35  4:23  Roach x4  
  44  4:36  Overlord x2  
  44  4:38  Roach  
  46  4:56  Roach x3  
  46  4:58  Glial Reconstitution  
  52  5:01  Queen  
  54  5:15  Zergling x2  
  54  5:16  Zergling x4  
  57  5:24  Evolution Chamber  
  57  5:27  Nydus Canal  
  52  6:37  Overlord x2  
  52  6:42  Overseer  
  47  7:18  Roach  
  47  7:19  Roach x6  
  47  7:21  Hatchery  
  60  7:55  Overlord  
  60  7:56  Zergling x2  
  60  7:57  Zergling x4  
  63  8:11  Hydralisk Den, Zerg Missile Weapons Level 1  
  62  8:16  Evolution Chamber  
  62  8:18  Baneling Nest  
  60  8:48  Grooved Spines  
  60  8:53  Queen  
  62  8:57  Drone x3  
  62  8:58  Overlord  
  62  8:59  Drone  
  62  9:00  Drone x6  
  72  9:16  Extractor  
  71  9:17  Drone  
  72  9:46  Hydralisk  
  72  9:47  Hydralisk x4  
  72  9:48  Hydralisk  
  84  10:00  Muscular Augments  
  84  10:22  Zerg Ground Armor Level 1, Zerg Missile Weapons Level 2  
  84  10:32  Drone x2  
  84  10:33  Drone, Extractor  
  86  10:36  Hatchery  
  85  10:47  Hydralisk  
  85  10:48  Hydralisk x2  
  91  10:56  Drone  
  92  10:59  Overlord  
  92  11:25  Hydralisk x4  
  94  11:29  Overlord x2  
  92  11:47  Drone x3  
  95  12:09  Infestation Pit  
  95  12:10  Drone  
  95  12:11  Drone x6  
  95  12:14  Overlord x2  
  101  12:16  Drone  
  101  12:17  Drone x2  
  104  12:49  Hydralisk  
  104  12:50  Hydralisk x6  
  118  12:55  Zergling x6  
  121  12:59  Centrifical Hooks  
  121  13:14  Drone  
  121  13:15  Drone x2  
  121  13:16  Drone  
  121  13:17  Drone  
  126  13:20  Baneling x6  
  126  13:38  Drone x2  
  126  13:40  Drone x2  
  130  13:43  Drone x3, Extractor  
  130  13:44  Overlord, Extractor  
  116  13:58  Zergling x12  
  112  14:09  Overseer  
  110  14:13  Hydralisk x2  
  110  14:14  Hydralisk  
  116  14:25  Lurker Den  
  116  14:26  Zerg Ground Armor Level 2  
  116  14:30  Drone  
  116  14:33  Baneling  
  116  14:34  Baneling x6  
  116  14:39  Overlord  
  116  14:41  Zergling x6  
  116  14:42  Zergling x8  
  123  14:57  Roach  
  123  14:58  Roach x5  
  89  15:41  Hatchery  
  88  15:50  Hydralisk x3  
  88  15:51  Roach x2  
  88  15:52  Roach  
  98  16:11  Extractor  
  98  16:13  Hydralisk  
  98  16:15  Roach x3  
  97  16:37  Lurker x2  
  97  16:38  Lurker x5  
  104  16:41  Hydralisk x4  
  104  16:45  Queen  
  114  16:51  Overseer x2  
  114  17:01  Queen  
  114  17:05  Overlord  
  114  17:06  Overlord x2  
  116  17:27  Hydralisk  
  116  17:28  Hydralisk x2  
  114  18:09  Zergling x2  
  114  18:10  Zergling x16  
  121  18:45  Zergling x18  
  121  18:48  Baneling x4  
  130  18:49  Baneling x5  
  130  18:50  Baneling  
  116  19:28  Zergling x12  
  116  19:29  Zergling x20  
  128  19:39  Drone  
  128  19:45  Overlord x2  
  129  19:50  Zerg Melee Weapons Level 1  
  129  19:54  Hive  
  129  20:07  Lurker  
  129  20:08  Lurker  
  129  20:12  Overlord  
  129  20:13  Overlord x2  
  131  20:15  Zergling x24  
  131  20:16  Zergling x2  
  144  21:17  Spire  
  143  21:24  Adrenal Glands  
  144  21:25  Zergling x2  
  144  21:26  Zergling x32  
  159  21:57  Overseer  
  159  22:35  Corruptor  
  159  22:36  Corruptor x4  
  169  22:38  Overlord  
  169  22:39  Overlord x4  
Tags
 
Add a new tag
Caveats
  • Supply blocks, unpowered buildings, or Contaminate may cause inaccurate times.
  • Supply counts are checked every 10 seconds.